 Dungeon Crawl Stone Soup version 0.31.0-32-g396128a36d (webtiles) character file.

Game seed: 5733054449598848881

57 jake20062024 the Gusty (level 4, -6/39 HPs)
             Began as an Oni Air Elementalist on Apr 14, 2024.
             Mangled by a sleepcap (17 damage)
             ... on level 2 of the Dungeon.
             The game lasted 00:05:45 (2327 turns).

jake20062024 the Gusty (Oni Air Elementalist)       Turns: 2327, Time: 00:05:45

Health: -6/39      AC:  3    Str: 12    XL:     4   Next: 0%
Magic:  0/8        EV:  1    Int: 18    God:
Gold:   100        SH:  0    Dex:  9    Spells: 8/9 levels left

rFire   + . .        (no weapon)
rCold   + . .        (no shield)
rNeg    . . .        a - +0 robe
rPois   .            (helmet restricted)
rElec   .            c - scarf {rC+ rF+}
rCorr   .            (gloves unavailable)
SInv    .            (boots unavailable)
Will    .....        (no amulet)
Stlth   ++           (no ring)
HPRegen 0.26/turn    (no ring)
MPRegen 0.11/turn

%: no passive effects
@: sleeping
A: large, unfitting armour, horns 1, tough skin 1, double potion healing,
drunken brawling
a: no special abilities


You were on level 2 of the Dungeon.
You visited 1 branch of the dungeon, and saw 2 of its levels.

You collected 100 gold pieces.

Inventory:

Armour
 a - a +0 robe (worn)
 c - a scarf of resistance (worn)
Jewellery
 h - an amulet of regeneration
Scrolls
 d - 2 scrolls of teleportation {unknown}
 e - 2 scrolls of identify {unknown}
 f - a scroll of revelation {unknown}
Potions
 b - a potion of magic
 g - 2 potions of curing {unknown}


   Skills:
 + Level 2.2 Dodging
 + Level 1.9 Stealth
 + Level 3.0 Spellcasting
 + Level 1.6 Conjurations
 + Level 3.0 Air Magic


You had 8 spell levels left.
You knew the following spells:

 Your Spells              Type           Power      Damage    Failure   Level
a - Shock                 Conj/Air       44%        1d5       6%          1

Your spell library contained the following spells:

 Spells                   Type           Power      Damage    Failure   Level
 Static Discharge         Conj/Air       22%        3-4/arc   10%         2
 Swiftness                Air            13%        N/A       14%         3
 Airstrike                Air            6%         2d(1-17)  41%         4


Dungeon Overview and Level Annotations

Branches:
Dungeon (2/15)

Altars:


Innate Abilities, Weirdness & Mutations

You are too large for most types of armour.
You have a pair of small horns on your head.
You have tough skin. (AC +1)
You gain doubled healing and magic from potions.
Whenever you drink a healing potion, you attack all around you.


Message History

The zap hits the sleepcap.
The sleepcap is moderately damaged.
The sleepcap barely misses you.
The zap hits the sleepcap but does no damage.
The sleepcap is moderately damaged.
The sleepcap releases spores at you.
The zap hits the sleepcap but does no damage.
The sleepcap is moderately damaged.
The sleepcap releases spores at you.
You are out of magic!
You are out of magic!
You hit the sleepcap.
The sleepcap is heavily damaged.
The sleepcap releases spores at you.
You are engulfed in a cloud of soporific spores!
You fall asleep.
The sleepcap releases spores at you!
You wake up.
You are engulfed in a cloud of soporific spores!
You are unaffected.
The zap hits the sleepcap.
The sleepcap is heavily damaged.
The sleepcap barely misses you.
You hit the sleepcap but do no damage.
The sleepcap is heavily damaged.
The sleepcap releases spores at you.
You hit the sleepcap.
The sleepcap is heavily damaged.
The sleepcap releases spores at you.
* * * LOW HITPOINT WARNING * * *
You hit the sleepcap but do no damage.
The sleepcap is heavily damaged.
The sleepcap barely misses you.
You hit the sleepcap but do no damage.
The sleepcap is heavily damaged.
The sleepcap releases spores at you.
* * * LOW HITPOINT WARNING * * *
You are engulfed in a cloud of soporific spores!
You fall asleep.
The sleepcap releases spores at you!
You die...

###############
####.............#
...#.............#
...#.............#
...#.............#
...#............@#
...#....[........f.....$
...#.........#####.##..#
.........>#### .#
...####.#.######## .
...# ##+#.##.....# #.
..####...........# ..
.....#...........# #.
####.#.......#####


You could see a sleepcap.

Vanquished Creatures
  2 dart slugs
  3 orcs (D:2)
  4 ball pythons (D:1)
  2 endoplasms (D:1)
  A giant cockroach (D:1)
  3 goblins
  4 hobgoblins
  4 jackals (D:1)
  5 kobolds
  3 quokkas
  7 bats
  3 frilled lizards (D:2)
  3 rats
44 creatures vanquished.

Notes
Turn   | Place    | Note
-------+----------+-------------------------------------------
     0 | D:1      | jake20062024 the Oni Air Elementalist began the quest for
                  | the Orb.
     0 | D:1      | Reached XP level 1. HP: 16/16 MP: 3/3
   149 | D:1      | Reached skill level 1 in Conjurations
   381 | D:1      | Reached XP level 2. HP: 24/24 MP: 0/5
  1169 | D:1      | Reached XP level 3. HP: 28/31 MP: 1/7
  2206 | D:2      | Reached XP level 4. HP: 39/39 MP: 1/8
  2327 | D:2      | Mangled by a sleepcap

Illustrated notes

Levels and vault maps discovered:
D:1:      minmay_arrival_split_and_join, layout_basic
D:2:      layout_basic

Skill      XL: |  1  2  3 |
---------------+----------+-----
Conjurations   | 1 |  1.6
Dodging        | 2 |  2.2
Air Magic      | 3 |  3.0
Spellcasting   | 3 |  3.0
Stealth        | |  1.9

Action                     |  1- 3 |  4- 6 || total
---------------------------+-------+-------++-------
  Melee: Unarmed           |    19 |     5 ||    24
         Headbutt          |     1 |       ||     1
   Cast: Shock             |    93 |     9 ||   102
 Armour: Robe              |    41 |     8 ||    49
  Dodge: Dodged            |    29 |     4 ||    33
